Workbook

Sheet summary
A1: Company Name | B1: Principal | C1: Principal | E1: Sale man | F1: Sale man phone | G1: Address | H1: Phone No.
B2: USD | C2: KS | D2: Status
A3: ='U Bo Lwin (STW)'!B8 -> BO LWIN | B3: ='U Bo Lwin (STW)'!E12+'U Bo Lwin (STW)'!E13 -> 0 | E3: Aung Than Htay | F3: 09-961828856 | G3: PA LET WA TOWNSHIP, MINDAT DISTRICT,CHIN STATE. | H3: Tel: 09-49670830, 09-783955410
A5: ='Than Naing & Family Cons;'!B8 -> THAN NAING & FAMILY CONSTRUCTION | B5: ='Than Naing & Family Cons;'!E12+'Than Naing & Family Cons;'!E13 -> 0 | E5: Nay Htun Linn | G5: No.(720), Kan Gyi Aung St, Saw Bwar Gyi Kone Quarter | H5: 09-5116118 , 09-444691976
A7: ='Kyaw Min Tun'!B54 -> KYAW MIN TUN, U (STW) | B7: ='Kyaw Min Tun'!E12+'Kyaw Min Tun'!E13 -> 0 | D7: Difficult Cusromer | E7: Aung Than Htay | F7: 09-961828856 | G7: Pauk Taw Tsp, Sittwe, Rakhine State. | H7: 09-258907886 , 09-448204231
A9: ='San Thar Tun (STW)'!B8 -> SAN THAR HTUN, U | B9: ='San Thar Tun (STW)'!E12+'San Thar Tun (STW)'!E13 -> 0 | E9: Soe Lin (Sittwe) | G9: Kyauk Taw Tsp, Rakhine State | H9: 09-8532202
A11: ='Chaw Su '!B7 -> CHAW SU CONSTRUCTION CO.,LTD (STW) | B11: ='Chaw Su '!E11+'Chaw Su '!E12 -> 0 | E11: Soe Lin (Sittwe) | G11: Ponenarkyun T/S, Sittwe Division, Rakhine State. | H11: 09-421746770 , 09-421746771
B14: =SUM(B3:B12) -> 0

Sheet Than Naing & Family Cons;
D4: =TODAY() -> 45307
D6: Summary | E6: USD
A7: Customer Statement | C7: စာခ်ဴပ္ပါအေရာင္းတန္ဘိုး | D7: Contacted Amt | E7: =+D19 -> 210960
A8: Customer | B8: THAN NAING & FAMILY CONSTRUCTION | C8: ရက္လြန္ဒဏ္ေၾကး | D8: Fine to Date | E8: =+D69 -> 17052.462
A9: Contact Person | B9: U Than Naing | C9: စုစုေပါင္းရရန္ွရွိ | D9: Total AR | E9: =SUM(E7:E8) -> 228012.46
A10: Saleman | B10: Ko Nay Htun Linn | C10: လက္ရွိေပးသြင္းျပီးေငြ | D10: Payment to Date | E10: =+E69+E67 -> 228012.46
A11: No. Contract | B11: HS-303/2016(17.May.2016) | C11: စုစုေပါင္းေပးရန္တာ၀န္ | D11: Total Payable | E11: =+E9-E10 -> 0.0015
A12: Interest Rate | C12: အျမန္ဆံုးေပးသြင္းရမည့္ေငြ | D12: Overdue | F12: Remark : | G12: Sittwe Branch BOH ( Ko Nay Htun Lin ) agreed with customer to give all payment due at every end of month when we make deal with customer,he request to pay this payment term.
A13: AR Invoice No | B13: AR 30000732 | C13: ထပ္မံေပးရန္က်န္ရွိေငြ | D13: Future Due
A14: Sale Order No | B14: SO 30000765 | D14: Fine to Date | E14: =D69-(E29+E34+E38+E42+E46+E50+E53+E58+E62+E66) -> 0.0015 | G14: Customer tight cash flow.
A15: SUNWARD MEDIUM EXCAVATOR SE210LCE 2 unit /SN: SE210LCE00951, SE210LCE00952
A17: Date | B17: Particular | C17: Installment Plan | D17: Due | E17: Paid | F17: Bal:
A19: 17.May.2016 | B19: Machine Price - $ 196,000 (Landed Price ) for 2 units | D19: 210960 | F19: =D19-E19 -> 210960
A20: 17.May.2016 | B20: Upon on mc delivery time - 50,000,000 Kyats @ 1175 rate - $ 42553.19 (May-2016) | C20: 42553.19 | F20: =F19+D20-E20 -> 210960
A21: 18.May.2016 | B21: RV 30001694(18.May.2016) $ 42553.19 @ 1175= ks 500 lakh | E21: 42553.19 | F21: =F20+D21-E21 -> 168406.81
A22: 17.Jun.2016 | B22: After 1 month later - $ 12,787.2 + $ 2301.7 = $ 15089 (Jun-2016) | C22: 15089 | F22: =F21+D22-E22 -> 168406.81
A23: 27.Jun.2016 | B23: RV 30001799(30.Jun.16) ~STW/RV/171 (27.Jun.2016) $ 15089 @ 1186 =17,895,000 | E23: 15089 | F23: =F22+D23-E23 -> 153317.81
A24: 17.Jul.2016 | B24: After 2 months later - $ 12,787.2 + $ 2109.8 = $ 14897 (JuL-2016) | C24: 14897 | F24: =F23+D24-E24 -> 153317.81
A25: 29.July.2016 | B25: RV 30001926(01.Aug.16) ~STW/RV/233(29.July.2016) $ 14,897 @1189 | E25: 14897 | F25: =F24+D25-E25 -> 138420.81
A26: 17.Aug.2016 | B26: After 3 months later - $ 12,787.2 + $ 1918.1 = $ 14705 (Aug-2016) | C26: 14705 | F26: =F25+D26-E26 -> 138420.81
A27: 31.Aug.2016 | B27: 5% Fine calculate (31.Aug.16 to 30.Nov.2016) | D27: =C26*5%*3 -> 2205.75 | F27: =F26+D27-E27 -> 140626.56
A28: 16.Nov.2016 | B28: RV 30002238(25.Nov.2016)~RV/STW/2016/11/458 (16.Nov.2016) $ 14705@ 1310= ks 19,263,500 | E28: 14705 | F28: =F27+D28-E28 -> 125921.56
A29: 04.April.2017 | B29: RV/STW/2017/04//236 , (04.Apr.17)~KBZ ref: 021CMCS170951007(05.Apr.17), $ 2205.75 @ 1358 (Fine) | E29: 2205.75 | F29: =F28+D29-E29 -> 123715.81 | G29: =E29+E34+E38+E42+E46+E50+E53 -> 9977.15
A30: 17.Sep.2016 | B30: After 4 months later - $ 12,787.2 + $ 1726.2= $ 14513 (Sep-2016) | C30: 14513 | F30: =F29+D30-E30 -> 123715.81 | G30: =G29*1358 -> 13548970
A31: 31.Sep.2016 | B31: 5% Fine calculate (31.Sep.16 to 30.Nov.2016) | D31: =C30*5%*2 -> 1451.3 | F31: =F30+D31-E31 -> 125167.11
A32: 16.Nov.2016 | B32: RV 30002238(25.Nov.2016)~RV/STW/2016/11/459 (16.Nov.2016) $ 14513@ 1310= ks 19,012,000/ | E32: 14505.25 | F32: =F31+D32-E32 -> 110661.86
A33: 25.Nov.2016 | B33: RV 30002251 (25.Nov.2016)(bank charges ) | E33: 7.75 | F33: =F32+D33-E33 -> 110654.11
A34: 04.April.2017 | B34: RV/STW/2017/04//236 , (04.Apr.17)~KBZ ref: 021CMCS170951007(05.Apr.17), $ 1541.3 @ 1358 (Fine) | E34: 1451.3 | F34: =F33+D34-E34 -> 109202.81
A35: 17.Oct.2016 | B35: After 5 months later - $ 12,787.2 + $ 1534.4= $ 14322 (Oct-2016) | C35: 14322 | F35: =F34+D35-E35 -> 109202.81
A36: 31.Oct.2016 | B36: 5% Fine calculate (31.Oct.16 to 30.Jan.2017) | D36: =C35*5%*3 -> 2148.3 | F36: =F35+D36-E36 -> 111351.11
A37: 08.Feb.2017 | B37: RV 30002463 (08.Feb.2017), 14322 @ 1361 | E37: 14322 | F37: =F36+D37-E37 -> 97029.11
A38: 04.April.2017 | B38: RV/STW/2017/04//236 , (04.Apr.17)~KBZ ref: 021CMCS170951007(05.Apr.17), $ 2148.3 @ 1358 (Fine) | E38: 2148.3 | F38: =F37+D38-E38 -> 94880.81
A39: 17.Nov.2016 | B39: After 6 months later - $ 12,787.2 + $ 1342.6= $ 14130 (Nov-2016) | C39: 14130 | F39: =F38+D39-E39 -> 94880.81
A40: 31.Nov.2016 | B40: 5% Fine calculate (31.Nov.16 to 30.Jan-2017) | D40: =C39*5%*2 -> 1413 | F40: =F39+D40-E40 -> 96293.81
A41: 08.Feb.2017 | B41: RV 30002463 (08.Feb.2017) , 14130 @ 1361 | E41: 14130 | F41: =F40+D41-E41 -> 82163.81
A42: 04.April.2017 | B42: RV/STW/2017/04//236 , (04.Apr.17)~KBZ ref: 021CMCS170951007(05.Apr.17), $ 1413 @ 1358 (Fine) | E42: 1413 | F42: =F41+D42-E42 -> 80750.81
A43: 17.Dec.2016 | B43: After 7 months later - $ 12,787.2 + $ 1150.8 = $ 13938 (Dec-2016) | C43: 13938 | F43: =F42+D43-E43 -> 80750.81
A44: 31.Dec.2016 | B44: 5% Fine calculate (31.Dec.16 to 30.Feb-2017) | D44: =C43*5%*2 -> 1393.8 | F44: =F43+D44-E44 -> 82144.61
A45: 17.Feb.2017 | B45: RV 30002503 ~ RV/STW/2017/02/139, $ 13,938 @ 1365 | E45: 13938 | F45: =F44+D45-E45 -> 68206.61
A46: 04.April.2017 | B46: RV/STW/2017/04//236 , (04.Apr.17)~KBZ ref: 021CMCS170951007(05.Apr.17), $ 1393.8 @ 1358 (Fine) | E46: 1393.8 | F46: =F45+D46-E46 -> 66812.81
A47: 17.Jan.2017 | B47: After 8 months later - $ 12,787.23 + $ 959 = $ 13746 (Jan-2017) | C47: 13746 | F47: =F46+D47-E47 -> 66812.81
A48: 31.Jan.2017 | B48: 5% Fine calculate (31.Jan.2017 to 30.Feb-2017) | D48: =C47*5%*1 -> 687.3 | F48: =F47+D48-E48 -> 67500.11
A49: 17.Feb.2017 | B49: RV30002503 ~ RV/STW/2017/02/138, $ 13,746 @ 1365 | E49: 13746 | F49: =F48+D49-E49 -> 53754.11
A50: 04.April.2017 | B50: RV/STW/2017/04//236 , (04.Apr.17)~KBZ ref: 021CMCS170951007(05.Apr.17), $ 687.3@ 1358 (Fine) | E50: 687.3 | F50: =F49+D50-E50 -> 53066.81
A51: 17.Feb.2017 | B51: After 9 months later - $ 12,787.2 + $ 767.2= $ 13554 (Feb-2017) | C51: 13554 | F51: =F50+D51-E51 -> 53066.81
A52: 31.Feb.2017 | B52: 5% Fine calculate (31.Feb.2017 to 30.Mar-2017) | D52: =C51*5%*1 -> 677.7 | F52: =F51+D52-E52 -> 53744.51
A53: 04.April.2017 | B53: RV/STW/2017/04//236 , (04.Apr.17)~KBZ ref: 021CMCS170951007(05.Apr.17), $ 677.7@ 1358 (Fine) | E53: 677.7 | F53: =F52+D53-E53 -> 53066.81
A54: 04.April.2017 | B54: RV/STW/2017/04/236 (04.Apr.14) ~KBZ ref: 021CMCS170951007 (05.Apr.17) $ 13,554@ 1358 | E54: 13554 | F54: =F53+D54-E54 -> 39512.81
A55: 17.Mar.2017 | B55: After 10 months later - $ 12,787.2 + $ 575.4 = $ 13363 (Mar-2017) | C55: 13363 | F55: =F54+D55-E55 -> 39512.81
A56: 04.April.2017 | B56: RV/STW/2017/04/236 (04.Apr.14) ~KBZ ref: 021CMCS170951007 (05.Apr.17) $ 3385.85 @ 1358 | E56: 3385.85 | F56: =F55+D56-E56 -> 36126.96
A57: 30.Mar.2017 | B57: 5% Fine calculate (30.Mar.2017 to 30.Aug-2017) $ 9977.15@5%*5 | D57: 2494.29 | F57: =F56+D57-E57 -> 38621.25
A58: 31.Aug.2017 | B58: RV/STW/2017/08/490, $ 26150@1355= KS 35,433,250 | E58: 2494.29 | F58: =F57+D58-E58 -> 36126.96
A59: 31.Aug.2017 | B59: RV/STW/2017/08/490, $ 26150@1355= KS 35,433,250 | E59: 9977.15 | F59: =F58+D59-E59 -> 26149.81
A60: 17.Apr.2017 | B60: After 11 months later - $ 12,787.2 + $ 383.6 = $ 13171 (Apr-2017) | C60: 13171 | F60: =F59+D60-E60 -> 26149.81
A61: 30.Apr.2017 | B61: 5% Fine calculate (30.Apr.2017 to 30.Aug-2017) | D61: =C60*5%*4 -> 2634.2 | F61: =F60+D61-E61 -> 28784.01
A62: 31.Aug.2017 | B62: RV/STW/2017/08/490, $ 26150@1355= KS 35,433,250 | E62: 2634.2 | F62: =F61+D62-E62 -> 26149.81 | H62: =E58+E62+E66 -> 7075.31
A63: 31.Aug.2017 | B63: RV/STW/2017/08/490, $ 26150@1355= KS 35,433,250 | C63: =C60-E63 -> 4073.46 | E63: 9097.54 | F63: =F62+D63-E63 -> 17052.27
A64: 17.May.2017 | B64: After 12 months later - $ 12,787.2 + $ 191.8 = $ 12979 (May-2017) | C64: 12978.81 | F64: =F63+D64-E64 -> 17052.27 | H64: =26150-H62 -> 19074.69
A65: 30.May.2017 | B65: 5% Fine calculate (30.May.2017 to 30.Aug-2017) | D65: =C64*5%*3 -> 1946.8215 | F65: =F64+D65-E65 -> 18999.091 | H65: =H64-E59 -> 9097.54
A66: 31.Aug.2017 | B66: RV/STW/2017/08/490, $ 26150@1355= KS 35,433,250 | E66: 1946.82 | F66: =F65+D66-E66 -> 17052.271
A67: 43713 | B67: BCE-RV-19090138 (5-Sep-19)~Bad Debt ($17052.27) Approved by CEO, MSL (5-Sep-19) | E67: 17052.27 | F67: =F66+D67-E67 -> 0.0015
F68: =F67+D68-E68 -> 0.0015
A69: Total | C69: =SUM(C20:C66)-4073.46 -> 210960 | D69: =SUM(D20:D66) -> 17052.462 | E69: =SUM(E20:E67)-E67 -> 210960.19 | F69: =+F68 -> 0.0015
A70: Remark | B70: Customer request fine interest amount will pay next time.Coz customer tight cash flow.

Sheet Kyaw Min Tun
C6: =TODAY() -> 45307 | D6: Summary | E6: USD
A7: Customer Statement | C7: စာခ်ဴပ္ပါအေရာင္းတန္ဘိုး | D7: Contracted Amt | E7: =D19 -> 37190
A8: Customer | B8: KYAW MIN TUN, U (STW) | C8: ရက္လြန္ဒဏ္ေၾကး | D8: Fine to Date | E8: =+D39 -> 71382.5
A9: Contact Person | B9: Kyaw Min Tun | C9: စုစုေပါင္းရရန္ွရွိ | D9: Total AR | E9: =SUM(E7:E8) -> 108572.5
A10: Saleman | B10: Aung Than Htay | C10: လက္ရွိေပးသြင္းျပီးေငြ | D10: Payment to Date | E10: =+E39 -> 108572.5
A11: No. Contract | B11: HS-282/2017 | C11: စုစုေပါင္းေပးရန္တာ၀န္ | D11: Total Payable | E11: =+E9-E10 -> 0
A12: Interest Rate | C12: အျမန္ဆံုးေပးသြင္းရမည့္ေငြ | D12: Overdue | E12: =SUM(C20:C34)-E36 -> 0
A13: AR Invoice No | B13: AR 30001086 | C13: ထပ္မံေပးရန္က်န္ရွိေငြ | D13: Future Due
A14: SO Invoice No | B14: SO 30001116 | D14: Fine to Date | E14: =D39-E37 -> 0
B16: SUNWARD MINI EXCAVATOR SWE60E 1 unit /SN:SWE60E01250 | G16: [SWE60E] SUNWARD MINI EXCAVATOR SWE60E
A17: Date | B17: Particular | C17: Installment Plan | D17: Due | E17: Paid | F17: Bal:
A19: 43794 | B19: Aggrement Contract (Principle $24190 + Fine $13000) | D19: 37190 | F19: =D19-E19 -> 37190
A20: 43860 | B20: 1 month after delivery ( $ 4500 ) | C20: 4500 | F20: =F19+D20-E20 -> 37190
A21: 43860 | B21: 5% Fine for Calculation (30-JAN-20 to 30-JUL-23) | D21: =C20*5%*42 -> 9450 | F21: =F20+D21-E21 -> 46640
A22: 43889 | B22: 2 month after delivery ( $ 4500 ) | C22: 4500 | F22: =F21+D22-E22 -> 46640
A23: 43889 | B23: 5% Fine for Calculation (28-FEB-20 to 30-JUL-23) | D23: =C22*5%*41 -> 9225 | F23: =F22+D23-E23 -> 55865
A24: 43920 | B24: 3 month after delivery ( $ 4500 ) | C24: 4500 | F24: =F23+D24-E24 -> 55865
A25: 43920 | B25: 5% Fine for Calculation (30-MAR-20 to 30-JUL-23) | D25: =C24*5%*40 -> 9000 | F25: =F24+D25-E25 -> 64865
A26: 43951 | B26: 4 month after delivery ( $ 4500 ) | C26: 4500 | F26: =F25+D26-E26 -> 64865
A27: 43951 | B27: 5% Fine for Calculation (30-APR-20 to 30-JUL-23) | D27: =C26*5%*39 -> 8775 | F27: =F26+D27-E27 -> 73640
A28: 43981 | B28: 5 month after delivery ( $ 4500 ) | C28: 4500 | F28: =F27+D28-E28 -> 73640
A29: 43981 | B29: 5% Fine for Calculation (30-MAY-20 to 30-JUL-23) | D29: =C28*5%*38 -> 8550 | F29: =F28+D29-E29 -> 82190
A30: 44012 | B30: 6 month after delivery ( $ 4500 ) | C30: 4500 | F30: =F29+D30-E30 -> 82190
A31: 44012 | B31: 5% Fine for Calculation (30-JUN-20 to 30-JUL-23) | D31: =C30*5%*37 -> 8325 | F31: =F30+D31-E31 -> 90515
A32: 44043 | B32: 7 month after delivery ( $ 4500 ) | C32: 4500 | F32: =F31+D32-E32 -> 90515
A33: 44043 | B33: 5% Fine for Calculation (30-JUL-20 to 30-JUL-23) | D33: =C32*5%*36 -> 8100 | F33: =F32+D33-E33 -> 98615
A34: 44073 | B34: 8 month after delivery ( $ 5690 ) | C34: 5690 | F34: =F33+D34-E34 -> 98615
A35: 44073 | B35: 5% Fine for Calculation (30-AUG-20 to 30-JUL-23) | D35: =C34*5%*35 -> 9957.5 | F35: =F34+D35-E35 -> 108572.5
A36: 45230 | B36: BCE-RV-23100018, BCE-GR-23100057, Repossess machine hours Prin $37,190, Fine $71,382.5/- | E36: 37190 | F36: =F35+D36-E36 -> 71382.5
A37: 45230 | B37: BCE-RV-23100018, BCE-GR-23100057, Repossess machine hours Prin $37,190, Fine $71,382.5/- | E37: 71382.5 | F37: =F36+D37-E37 -> 0
F38: =F37+D38-E38 -> 0
A39: Total | C39: =SUM(C20:C38) -> 37190 | D39: =SUM(D20:D38) -> 71382.5 | E39: =SUM(E20:E38) -> 108572.5 | F39: =+F38 -> 0
E42: Theint Theint Hmwe
E43: Finance
E44: Fast Point Co.,Ltd
A46: Legal ပစ္ရႏ္ | B46: MD Approved မ က် ေသး
E47: =D19-E58 -> 1842.5
D50: =TODAY() -> 45307
D52: Summary | E52: USD
A53: Customer Statement | C53: စာခ်ဴပ္ပါအေရာင္းတန္ဘိုး | D53: Contacted Amt | E53: =+D65 -> 59629.5
A54: Customer | B54: KYAW MIN TUN, U (STW) | C54: ရက္လြန္ဒဏ္ေၾကး | D54: Fine to Date | E54: =+D132 -> 33134.45
A55: Contact Person | B55: Kyaw Min Tun | C55: စုစုေပါင္းရရန္ွရွိ | D55: Total AR | E55: =SUM(E53:E54) -> 92763.95
A56: Saleman | B56: Aung Than Htay | C56: လက္ရွိေပးသြင္းျပီးေငြ | D56: Payment to Date | E56: =+E132 -> 35439.36
A57: No. Contract | C57: စုစုေပါင္းေပးရန္တာ၀န္ | D57: Total Payable | E57: =+E55-E56 -> 57324.59
A58: Interest Rate | C58: အျမန္ဆံုးေပးသြင္းရမည့္ေငြ | D58: Overdue | E58: =SUM(C74:C125) -> 35347.5
A59: AR Invoice No | B59: AR 30001086 | C59: ထပ္မံေပးရန္က်န္ရွိေငြ | D59: Future Due | E59: =SUM(C126) -> 0
A60: Sale Order No | B60: SO 30001116 | D60: Fine to Date | E60: =D132-(E72+E76+E78+E84+E86+E92+E94+E98+E100+E104+E105+E107+E111+E115+E119+E123+E80+E88) -> 21977.09
B62: SUNWARD MINI EXCAVATOR SWE60E 1 unit /SN:SWE60E01250
A63: Date | C63: Installment Plan | D63: Due | E63: Paid | F63: Bal:
B65: Machine Price $55,000 (Landed Price ) | D65: 59629.5 | F65: =D65-E65 -> 59629.5
A66: 07.Apr.2017 | B66: 30% upon on mc delivery time - $ 16,500 (Apr-2017) | C66: 16500 | F66: =F65+D66-E66 -> 59629.5
A67: 10.Apr.2017 | B67: RV 30002698(10.Apr.2017) $ 16500 @ 1366= ks 22,539,000.00 | E67: 16500 | F67: =F66+D67-E67 -> 43129.5
A68: 07.May.2017 | B68: After 1 month later $ 3208 + $ 712 = $ 3921 (May-2017) | C68: 3921 | F68: =F67+D68-E68 -> 43129.5
A69: 19.May.2017 | B69: RV 30002863, $ 3921@1366= ks 5,356,000 | E69: 3921 | F69: =F68+D69-E69 -> 39208.5
A70: 07.Jun.2017 | B70: After 2 months later $ 3208 + $ 653 = $ 3861 (Jun-2017) | C70: 3861 | F70: =F69+D70-E70 -> 39208.5
A71: 07.Jun.2017 | B71: 5% Fine calculate (07.Jun.17 to 07.Jul.2017)$ 3861/5%*1 | D71: 193 | F71: =F70+D71-E71 -> 39401.5
A72: 28.Jun.2017 | B72: STW/2017/06/894, $ 193 (Fine) | E72: 193 | F72: =F71+D72-E72 -> 39208.5
A73: 28.Jun.2017 | B73: STW/2017/06/894, $ 3861 | E73: 3861 | F73: =F72+D73-E73 -> 35347.5
A74: 07.July.2017 | B74: After 3 months later $ 3208 + $ 594 = $ 3802 (July-2017) | C74: 3802 | F74: =F73+D74-E74 -> 35347.5
A75: 07.July.2017 | B75: 5% Fine calculate (07.July.17 to 7.Feb.2018) | D75: =C74*5%*7 -> 1330.7 | F75: =F74+D75-E75 -> 36678.2 | G75: Customer 28 (Or) 30'Sep'2017 Paid
A76: 43150 | B76: BCE-RV-18020061~RV 30003917~RV/STW/2018/02/124 (19-2-2018) Total MMK 6,000,000/-@ 1327 Rate $ 4521/- (Fine Chgs;) | E76: 1330.7 | F76: =F75+D76-E76 -> 35347.5
A77: 07.Feb.2018 | B77: 5% Fine calculate (07.Feb.18 to 7.May.2018) | D77: =C74*5%*3 -> 570.3 | F77: =F76+D77-E77 -> 35917.8
A78: 43238 | B78: BCE-RV-18050014 ~STW/RV/2018/05/294(18-5-2018) Total MMk 7,000,000/-@ 1348 Rate $ 5193 /- (Fine Chgs;) | E78: 570.3 | F78: =F77+D78-E78 -> 35347.5
A79: 07.May.2018 | B79: 5% Fine calculate (07.May.18 to 7.Oct.2018) | D79: =C74*5%*5 -> 950.5 | F79: =F78+D79-E79 -> 36298
A80: 43377 | B80: BCE-RV-18100018(4/Oct/18)~RV/STW/2018/10/563 (4/Oct/18) ( $ 1250 @ 1520 = ks 1,900,000 ) | E80: 950.5 | F80: =F79+D80-E80 -> 35347.5
A81: 07.Oct.2018 | B81: 5% Fine calculate (07.Oct.18 to 7.June.2019) | D81: =C74*5%*8 -> 1520.8 | F81: =F80+D81-E81 -> 36868.3
A82: 07.Aug.2017 | B82: After 4 months later $ 3208 + $ 534 = $ 3743 (Aug-2017) | C82: 3743 | F82: =F81+D82-E82 -> 36868.3 | G82: BOH
A83: 07.Aug.2017 | B83: 5% Fine calculate (07.Aug.17 to 7.Feb.2018) | D83: =C82*5%*6 -> 1122.9 | F83: =F82+D83-E83 -> 37991.2 | G83: udkkaevif;xGef;rSwfyHkwifaysmufaerxkwf&ao; 17 &uf10vydkif;2017 xkwfrnfajym
A84: 43150 | B84: BCE-RV-18020061~RV 30003917~RV/STW/2018/02/124 (19-2-2018) Total MMK 6,000,000/-@ 1327 Rate $ 4521/- (Fine Chgs;) | E84: 1122.9 | F84: =F83+D84-E84 -> 36868.3
A85: 07.Feb.2018 | B85: 5% Fine calculate (07.Feb.18 to 7.May.2018) | D85: =C82*5%*3 -> 561.45 | F85: =F84+D85-E85 -> 37429.75
A86: 43238 | B86: BCE-RV-18050014 ~STW/RV/2018/05/294(18-5-2018) Total MMk 7,000,000/-@ 1348 Rate $ 5193 /- (Fine Chgs;) | E86: 561.45 | F86: =F85+D86-E86 -> 36868.3
A87: 07.May.2018 | B87: 5% Fine calculate (07.May.18 to 7.Oct.2018) | D87: =C82*5%*5 -> 935.75 | F87: =F86+D87-E87 -> 37804.05
A88: 43377 | B88: BCE-RV-18100018(4/Oct/18)~RV/STW/2018/10/563 (4/Oct/18) ( $ 1250 @ 1520 = ks 1,900,000 ) | D88: =D87-E88 -> 636.25 | E88: 299.5 | F88: =F87+D88-E88 -> 38140.8
A89: 07.Oct.2018 | B89: 5% Fine calculate (07.Oct.18 to 7..June.2019) | D89: =C82*5%*8 -> 1497.2 | F89: =F88+D89-E89 -> 39638
A90: 07.Sep.2017 | B90: After 5 months later $ 3208 + $ 475 = $ 3683 (Sep-2017) | C90: 3683 | F90: =F89+D90-E90 -> 39638
A91: 07.Sep.2017 | B91: 5% Fine calculate (07.Sep.17 to 7.Feb.2018) | D91: =C90*5%*5 -> 920.75 | F91: =F90+D91-E91 -> 40558.75
A92: 43150 | B92: BCE-RV-18020061~RV 30003917~RV/STW/2018/02/124 (19-2-2018) Total MMK 6,000,000/-@ 1327 Rate $ 4521/- (Fine Chgs;) | E92: 920.75 | F92: =F91+D92-E92 -> 39638
A93: 07.Feb.2018 | B93: 5% Fine calculate (07.Feb.18 to 7.May.2018) | D93: =C90*5%*3 -> 552.45 | F93: =F92+D93-E93 -> 40190.45
A94: 43238 | B94: BCE-RV-18050014 ~STW/RV/2018/05/294(18-5-2018) Total MMk 7,000,000/-@ 1348 Rate $ 5193 /- (Fine Chgs;) | E94: 552.45 | F94: =F93+D94-E94 -> 39638
A95: 07.May.2018 | B95: 5% Fine calculate (07.May.18 to 7.June.2019) | D95: =C90*5%*13 -> 2393.95 | F95: =F94+D95-E95 -> 42031.95
A96: 07.Oct.2017 | B96: After 6 months later $ 3208 + $ 415 = $ 3624 (Oct-2017) | C96: 3624 | F96: =F95+D96-E96 -> 42031.95
A97: 07.Oct.2017 | B97: 5% Fine calculate (07.Oct .17 to 7.Feb.2018) | D97: =C96*5%*4 -> 724.8 | F97: =F96+D97-E97 -> 42756.75
A98: 43150 | B98: BCE-RV-18020061~RV 30003917~RV/STW/2018/02/124 (19-2-2018) Total MMK 6,000,000/-@ 1327 Rate $ 4521/- (Fine Chgs;) | E98: 724.8 | F98: =F97+D98-E98 -> 42031.95
A99: 07.Feb.2018 | B99: 5% Fine calculate (07.Feb.18 to 7.May.2018) | D99: =C96*5%*3 -> 543.6 | F99: =F98+D99-E99 -> 42575.55
A100: 43238 | B100: BCE-RV-18050014 ~STW/RV/2018/05/294(18-5-2018) Total MMk 7,000,000/-@ 1348 Rate $ 5193 /- (Fine Chgs;) | E100: 543.6 | F100: =F99+D100-E100 -> 42031.95
A101: 07.May.2018 | B101: 5% Fine calculate (07.May.18 to 7.June.2019) | D101: =C96*5%*13 -> 2355.6 | F101: =F100+D101-E101 -> 44387.55
A102: 07.Nov.2017 | B102: After 7 months later $ 3208 + $ 356 = $ 3564 (Nov-2017) | C102: 3564 | F102: =F101+D102-E102 -> 44387.55
A103: 07.Nov.2017 | B103: 5% Fine calculate (07.Nov .17 to 7.Feb.2018) | D103: =C102*5%*3 -> 534.6 | F103: =F102+D103-E103 -> 44922.15 | G103: =7000000/1348 -> 5192.8783
A104: 43150 | B104: BCE-RV-18020061~RV 30003917~RV/STW/2018/02/124 (19-2-2018) Total MMK 6,000,000/-@ 1327 Rate $ 4521/- (Fine Chgs;) | E104: 422.33 | F104: =F103+D104-E104 -> 44499.82
A105: 43238 | B105: BCE-RV-18050014 ~STW/RV/2018/05/294(18-5-2018) Total MMk 7,000,000/-@ 1348 Rate $ 5193 /- (Fine Chgs;) | E105: 112.27 | F105: =F104+D105-E105 -> 44387.55
A106: 07.Feb.2018 | B106: 5% Fine calculate (07.Feb.18 to 7.May.2018) | D106: =C102*5%*3 -> 534.6 | F106: =F105+D106-E106 -> 44922.15
A107: 43238 | B107: BCE-RV-18050014 ~STW/RV/2018/05/294(18-5-2018) Total MMk 7,000,000/-@ 1348 Rate $ 5193 /- (Fine Chgs;) | E107: 534.6 | F107: =F106+D107-E107 -> 44387.55
A108: 07.May.2018 | B108: 5% Fine calculate (07.May.18 to 7.June.2019) | D108: =C102*5%*13 -> 2316.6 | F108: =F107+D108-E108 -> 46704.15
A109: 07.Dec.2017 | B109: After 8 months later $ 3208 + $ 297 = $ 3505 (Dec-2017) | C109: 3505 | F109: =F108+D109-E109 -> 46704.15 | G109: 5058.55
A110: 07.Dec.2017 | B110: 5% Fine calculate (07.Dec .17 to 7.May.2018) | D110: =C109*5%*5 -> 876.25 | F110: =F109+D110-E110 -> 47580.4 | G110: =G103-G109 -> 134.32834
A111: 43238 | B111: BCE-RV-18050014 ~STW/RV/2018/05/294(18-5-2018) Total MMk 7,000,000/-@ 1348 Rate $ 5193 /- (Fine Chgs;) | E111: 876.25 | F111: =F110+D111-E111 -> 46704.15
A112: 07.May.2018 | B112: 5% Fine calculate (07.May.18 to 7.June.2019) | D112: =C109*5%*13 -> 2278.25 | F112: =F111+D112-E112 -> 48982.4
A113: 07.Jan.2018 | B113: After 9 months later $ 3208 + $ 237 = $ 3446 (Jan-2018) | C113: 3446 | F113: =F112+D113-E113 -> 48982.4
A114: 07.Jan.2018 | B114: 5% Fine calculate (07.Jan .18 to 7.May.2018) | D114: =C113*5%*4 -> 689.2 | F114: =F113+D114-E114 -> 49671.6
A115: 43238 | B115: BCE-RV-18050014 ~STW/RV/2018/05/294(18-5-2018) Total MMk 7,000,000/-@ 1348 Rate $ 5193 /- (Fine Chgs;) | E115: 689.2 | F115: =F114+D115-E115 -> 48982.4
...

Sheet San Thar Tun (STW)
D4: =TODAY() -> 45307
D6: Summary | E6: USD
A7: Customer Statement | C7: စာခ်ဴပ္ပါအေရာင္းတန္ဘိုး | D7: Contacted Amt | E7: =D19 -> 52217.55
A8: Customer | B8: SAN THAR HTUN, U | C8: ရက္လြန္ဒဏ္ေၾကး | D8: Fine to Date | E8: =+D33 -> 0.00375
A9: Contact Person | B9: San Thar Htun, U | C9: စုစုေပါင္းရရန္ွရွိ | D9: Total AR | E9: =SUM(E7:E8) -> 52217.554
A10: Saleman | B10: Soe Lin (STW) | C10: လက္ရွိေပးသြင္းျပီးေငြ | D10: Payment to Date | E10: =+E33 -> 52217.55
A11: No. Contract | C11: စုစုေပါင္းေပးရန္တာ၀န္ | D11: Total Payable | E11: =+E9-E10 -> 0.00375
A12: Interest Rate | C12: အျမန္ဆံုးေပးသြင္းရမည့္ေငြ | D12: Overdue
A13: AR Invoice No | B13: AR-30001620 | C13: ထပ္မံေပးရန္က်န္ရွိေငြ | D13: Future Due
A14: SO Invoice No | B14: SO-30001523 | D14: Fine to Date | E14: =D30 -> 315.48875
B16: SUNWARD MINI EXCAVATOR SE50U / SWE50E00632
A17: Date | B17: Particular | C17: Installment Plan | D17: Due | E17: Paid | F17: Bal:
A19: 14.Mar.2018 | B19: Machine Price - $ 52217.55 (Include 5% Tax) | D19: 52217.55 | F19: =D19-E19 -> 52217.55
B20: 25% Upon On Machine Delivery - $11,750 ( Mar'18 ) | C20: 11750 | F20: =F19+D20-E20 -> 52217.55
A21: 19.Feb.2018 | B21: BCE-RV-18020198, BCE-RV-18020199~RV-30003620 (1-2-2018) Total Amount | E21: 11750 | F21: =F20+D21-E21 -> 40467.55
A22: 14.July.2018 | B22: After 4 month Later - $11,750 + $2,609 = $14,359 ( Jul'18 ) | C22: 14359 | F22: =F21+D22-E22 -> 40467.55
A23: 43305 | B23: BCE-RV-18070036, BCE-RV-18070037~RV 30004107 (24/July/18)~RV/STW/2018/07/436 (24/July/18) ( $ 14359 @ 1423 = ks 20,432,800 ) | E23: 14359 | F23: =F22+D23-E23 -> 26108.55
A24: 43418 | B24: After 8 month Later -$11,750 + $1,739 = $13,489 ( Nov'18 ) | C24: 13489 | F24: =F23+D24-E24 -> 26108.55
A25: 43418 | B25: 5% Fine Calculate for after 8 month later (14-Nov-2018 to 14-Jan-2019) | D25: =C24*5%/2 -> 337.225 | F25: =F24+D25-E25 -> 26445.775
A26: 43458 | B26: 04-CFD-ARD-FRM-001-00 (Discount Form) (USD 337.23) | D26: -337.23 | F26: =F25+D26-E26 -> 26108.545
A27: 43454 | B27: BCE-RV-18120030, BCE-RV-18120031(20/Dec/18)~RV/STW/2018/12/733 (20/Dec/18) ($13489@1565 = ks 21,110,000 ) | E27: 13489 | F27: =F26+D27-E27 -> 12619.545
A28: 14.Mar.2019 | B28: After 12 Month Later -$11,750+ $870 = $12,620 ( Mar'19 ) | C28: 12619.55 | F28: =F27+D28-E28 -> 12619.545
A29: 43579 | B29: BCE-RV-19040023, BCE-RV-19040024(24/Apr/19)~RV/STW/2019/04/2629 (24/Apr/19) ($12620 @1525 = ks 19245500) | E29: 12619.55 | F29: =F28+D29-E29 -> -0.005
A30: 43538 | B30: 5% Fine Calculate for after 12 month later (14-Mar-2019 to 14-Jul-2019) | D30: =C28*5%/2 -> 315.48875 | F30: =F29+D30-E30 -> 315.48375
A31: 43776 | B31: CnC/DIS/2019/10/001 (Discount) Approved by CFD and Ma Naw ($315.49) | D31: -315.48 | F31: =F30+D31-E31 -> 0.00375
F32: =F31+D32-E32 -> 0.00375
A33: Total | C33: =SUM(C20:C32) -> 52217.55 | D33: =SUM(D20:D32) -> 0.00375 | E33: =SUM(E20:E32) -> 52217.55 | F33: =+F32 -> 0.00375
A38: 43295 | B38: Customer မွ rate တက္ေနသျဖင့္ ေနာက္က်ျခင္းျဖစ္ပါသည္။ မဇင္ approved (24/July/18 )
A39: 43563 | B39: Legal Notice Letter ေပးပို႔ထားပါသည္။ (22/Apr/19) ေန႔ေနာက္ဆံုးထားရက္သတ္မွတ္ထားပါသည္။
A40: 43732 | B40: Customer ဘက္မွ Final Due မွာေက်ာ္သြားခဲ့ေသာ ရက္လြန္ေၾကးကို မေပးပါသျဖင့္ Handover Contract ကိုလြဲေျပာင္းထားျခင့္မရွိပါ။
B41: တုိက္ရိုက္ဆက္သြယ္ေျပာဆိုေသာ္လဲမရပါ။

Sheet U Bo Lwin (STW)
D4: =TODAY() -> 45307
D6: Summary | E6: USD
A7: Customer Statement | C7: စာခ်ဴပ္ပါအေရာင္းတန္ဘိုး | D7: Contracted Amt | E7: =D19 -> 92000
A8: Customer | B8: BO LWIN | C8: ရက္လြန္ဒဏ္ေၾကး | D8: Fine to Date | E8: =+D27 -> 0
A9: Contact Person | B9: BO LWIN | C9: စုစုေပါင္းရရန္ွရွိ | D9: Total AR | E9: =SUM(E7:E8) -> 92000
A10: Saleman | B10: Aung Than Htay | C10: လက္ရွိေပးသြင္းျပီးေငြ | D10: Payment to Date | E10: =+E27 -> 92000
A11: No. Contract | B11: HS-00019 | C11: စုစုေပါင္းေပးရန္တာ၀န္ | D11: Total Payable | E11: =+E9-E10 -> 0
A12: Interest Rate | B12: No interest | C12: အျမန္ဆံုးေပးသြင္းရမည့္ေငြ | D12: Overdue
A13: AR Invoice No | B13: STW-BCE-UNT-SI-19020014 | C13: ထပ္မံေပးရန္က်န္ရွိေငြ | D13: Future Due
A14: SO Invoice No | B14: STW-BSO-UNT-2019-01-0003 | D14: Fine to Date
B16: SCHWING SETTER-Self Loading Mobile Concrete / SN : 707
A17: Date | B17: Particular | C17: Installment Plan | D17: Due | E17: Paid | F17: Bal:
A19: 43517 | B19: Machine Price - $ 92000 (Include 5% Tax) & Principle $87619.05 , 5% $4380.95 = Total Price $92000 | D19: 92000 | F19: =D19-E19 -> 92000
B20: 50% Downpayment - $46000 | C20: 46000 | F20: =F19+D20-E20 -> 92000
A21: 43479 | B21: BCE-RV-19010169 , BCE-RV-19010170 (15/Jan/19)~RV/STW/2019/01/026 (1/14/2019) ($658.33@1519 = ks 1,000,000) | E21: 658.33 | F21: =F20+D21-E21 -> 91341.67
A22: 43516 | B22: BCE-RV-19020040, BCE-RV-19020041(20/Feb/19)~RV/C&C/2019/02/001 (20/Feb/19) ($45341.67 @1519 = Ks 68874000) | E22: 45341.67 | F22: =F21+D22-E22 -> 46000
A23: 43698 | B23: After 6 Month Later by delivery -$46000 ( Aug'19 ) | C23: 46000 | F23: =F22+D23-E23 -> 46000
A24: 43706 | B24: BCE-RV-19080030 (2019-08-29 )~CNC/RV/2019/08/14953 (29-Aug-19) (Transfer to Daw Marlar Win Account ) ($46000@1518 = KS 69,828,000 ) | E24: 46000 | F24: =F23+D24-E24 -> 0
F25: =F24+D25-E25 -> 0
F26: =F25+D26-E26 -> 0
A27: Total | C27: =SUM(C20:C26) -> 92000 | D27: =SUM(D20:D26) -> 0 | E27: =SUM(E20:E26) -> 92000 | F27: =+F26 -> 0
D30: =C23*5% -> 2300

Sheet Chaw Su 
D3: =TODAY() -> 45307
D5: Summary | E5: USD
A6: Customer Statement | C6: စာခ်ဴပ္ပါအေရာင္းတန္ဘိုး | D6: Contacted Amt | E6: =+D18 -> 116308.3
A7: Customer | B7: CHAW SU CONSTRUCTION CO.,LTD (STW) | C7: ရက္လြန္ဒဏ္ေၾကး | D7: Fine to Date | E7: =+D63 -> 12411.552
A8: Contact Person | C8: စုစုေပါင္းရရန္ွရွိ | D8: Total AR | E8: =SUM(E6:E7) -> 128719.85
A9: Saleman | B9: Yae Wai Aung | C9: လက္ရွိေပးသြင္းျပီးေငြ | D9: Payment to Date | E9: =+E63 -> 128719.85
A10: No. Contract | B10: HS 515/2017 | C10: စုစုေပါင္းေပးရန္တာ၀န္ | D10: Total Payable | E10: =+E8-E9 -> 0.002
A11: Interest Rate | C11: အျမန္ဆံုးေပးသြင္းရမည့္ေငြ | D11: Overdue
A12: AR Invoice No | B12: AR 30001260 | C12: ထပ္မံေပးရန္က်န္ရွိေငြ | D12: Future Due
A13: Sale Order No | B13: SO 30001060 | D13: Fine to Date
B15: SUNWARD MEDIUM EXCAVATOR SE210LCE / SN : SE210LCE00988
A16: Date | C16: Installment Plan | D16: Due | E16: Paid | F16: Bal:
B18: Machine Price - $99000 (Landed Price),(include tax) | D18: 116308.3 | F18: =D18-E18 -> 116308.3
A19: 26.July.2017 | B19: 10% upon on mc delivery time - $9900 (Jul-2017) | C19: 9900 | F19: =F18+D19-E19 -> 116308.3
A20: 13.Feb.2017 | B20: RV 30002516(13.Feb.17)3639@ 1374= ks 5000000 | E20: 3639 | F20: =F19+D20-E20 -> 112669.3
A21: 04.July.2017 | B21: RV 30003044(04.July.2017) $ 6261@1357= ks 8,496,000.00 | E21: 6261 | F21: =F20+D21-E21 -> 106408.3
A22: 26.Oct.2017 | B22: After 3 months later - $ 14850 + $ 4945 = $ 19795 (Oct-2017) | C22: 19795 | F22: =F21+D22-E22 -> 106408.3
A23: 26.Oct.2017 | B23: 5% Fine calculate (26.Oct.17 to 26.Apr.2018) | D23: =C22*5%*2 -> 1979.5 | F23: =F22+D23-E23 -> 108387.8
A24: 28.Feb.2018 | B24: BCE-RV-18020200~RV/STW/2018/02/144 $3756.57@1331=KS 5,000,000 | E24: 1979.5 | F24: =F23+D24-E24 -> 106408.3
A25: 28.Feb.2018 | B25: BCE-RV-18020200, BCE-RV-18020329(28/Feb/19)~RV/STW/2018/02/144 $3756.57@1331=KS 5,000,000 | C25: =C22-E25 -> 18966.48 | E25: 828.52 | F25: =F24+D25-E25 -> 105579.78
A26: 10.Mar.2018 | B26: BCE-RV-18030025 (12/Mar/18), BCE-RV-18030254~RV/STW/2018/03/166 $3756.574 @1331=KS 5,000,000 | C26: =C25-E26 -> 15209.91 | E26: 3756.57 | F26: =F25+D26-E26 -> 101823.21
A27: 26.Apr.2018 | B27: 5% Fine calculate (26.Apr.18 to 26.Jul.2018) | D27: =C26*5% -> 760.4955 | F27: =F26+D27-E27 -> 102583.71
A28: 43234 | B28: BCE-RV-18050024~STW/RV/275 (14-5-2018) Total MMk 5,000,000/- @ 1344 Rate $ 3720/- (Fine Chgs; $ ) | E28: 760.5 | F28: =F27+D28-E28 -> 101823.21
A29: 43234 | B29: BCE-RV-18050024, BCE-RV-18050223(14/may/18)~STW/RV/275 (14-5-2018) Total MMk 5,000,000/- @ 1344 Rate $ 3720/- (Fine Chgs; $ ) | C29: =C26-E29 -> 14106.31 | E29: 1103.6 | F29: =F28+D29-E29 -> 100719.61
A30: 43256 | B30: BCE-RV-18070038, BCE-RV-18090003, BCE-RV-18070228~RV 30004227 (17/July/18)~RV/STW/2018/06/323 $ 3706.45 @1349=TOTAL 5000000 | C30: =C29-E30 -> 10399.86 | E30: 3706.45 | F30: =F29+D30-E30 -> 97013.155
A31: 43292 | B31: BCE-RV-18070039, RV 30004218 (11/July/18), BCE-RV-18070229~RV/STW/2018/07/394 (11/July/18) ($ 3571.43 @ 1400 = ks 5,000,000 ) | C31: =C30-E31 -> 6828.43 | E31: 3571.43 | F31: =F30+D31-E31 -> 93441.726
A32: 26.Jul.2018 | B32: 5% Fine calculate (26.Jul.18 to 26.Oct.2018) | D32: =C31*5% -> 341.4215 | F32: =F31+D32-E32 -> 93783.147
A33: 43333 | B33: BCE-RV-18080056~RV/STW/2018/08/484 (21/Aug/18) ( $ 1340.48 @ 1492 = 2,000,000 ) | E33: 341.42 | F33: =F32+D33-E33 -> 93441.727
A34: 43399 | B34: BCE-RV-18100104(22/Oct/18), BCE-RV-18100109~RV/STW/2018/10/598 (26/Oct/18) ($3164.56@1580 = ks 5000000 ) | C34: =C31-E34 -> 5386.86 | E34: 1441.57 | F34: =F33+D34-E34 -> 92000.157
A35: 43399 | B35: BCE-RV-18100105(26/Oct/18), BCE-RV-18100110~RV/STW/2018/10/599 (26/Oct/18) ( $ 253.16 @ 1580 = ks 400,000 ) | C35: =C34-E35 -> 5133.7 | E35: 253.16 | F35: =F34+D35-E35 -> 91746.997
A36: 26.Oct.2018 | B36: 5% Fine calculate (26.Oct.18 to 26.Jan.2019) | D36: =C35*5% -> 256.685 | F36: =F35+D36-E36 -> 92003.682
A37: 26.Jan.2018 | B37: After 6 months later - $ 14850 + $ 4121 = $ 18971 (Jan-2018) | C37: 18971 | F37: =F36+D37-E37 -> 92003.682
A38: 26.Jan.2017 | B38: 5% Fine calculate (26.Jan.17 to 26.Apr.2018) | D38: =C37*5% -> 948.55 | F38: =F37+D38-E38 -> 92952.232
A39: 28.Feb.2018 | B39: BCE-RV-18020200~RV/STW/2018/02/144 $3756.57@1331=KS 5,000,000 | E39: 948.55 | F39: =F38+D39-E39 -> 92003.682
A40: 26.Apr.2018 | B40: 5% Fine calculate (26.Apr.18 to 26.Jul.2018) | D40: =C37*5% -> 948.55 | F40: =F39+D40-E40 -> 92952.232
A41: 43234 | B41: BCE-RV-18050024~STW/RV/275 (14-5-2018) Total MMk 5,000,000/- @ 1344 Rate $ 3720/- (Fine Chgs; $ ) | E41: 948.55 | F41: =F40+D41-E41 -> 92003.682
A42: 26.Jul.2018 | B42: 5% Fine calculate (26.Jul.18 to 26.Oct.2018) | D42: =C37*5% -> 948.55 | F42: =F41+D42-E42 -> 92952.232
A43: 43333 | B43: BCE-RV-18080056, BCE-RV-18080057~RV/STW/2018/08/484 (21/Aug/18) ( $ 1340.48 @ 1492 = 2,000,000 ) | E43: 948.55 | F43: =F42+D43-E43 -> 92003.682
A44: 26.Oct.2018 | B44: 5% Fine calculate (26.Oct.18 to 26.Jan.2019) | D44: =C37*5% -> 948.55 | F44: =F43+D44-E44 -> 92952.232
A45: 26.Apr.2018 | B45: After 9 months later - $ 14850 + $ 3297 = $ 18147 (Apr-2018) | C45: 18147 | F45: =F44+D45-E45 -> 92952.232
A46: 26.Apr.2018 | B46: 5% Fine calculate (26.Apr.18 to 26.Jul.2018) | D46: =C45*5% -> 907.35 | F46: =F45+D46-E46 -> 93859.582
A47: 43234 | B47: BCE-RV-18050024~STW/RV/275 (14-5-2018) Total MMk 5,000,000/- @ 1344 Rate $ 3720/- (Fine Chgs; $ ) | E47: 907.35 | F47: =F46+D47-E47 -> 92952.232
A48: 26.Jul.2018 | B48: 5% Fine calculate (26.Jul.18 to 26.Oct.2018) | D48: =C45*5% -> 907.35 | F48: =F47+D48-E48 -> 93859.582
A49: 43333 | B49: BCE-RV-18080056~RV/STW/2018/08/484 (21/Aug/18) ( $ 1340.48 @ 1492 = 2,000,000 ) | E49: 50.51 | F49: =F48+D49-E49 -> 93809.072
A50: 43399 | B50: BCE-RV-18100104(22/Oct/18)~RV/STW/2018/10/598 (26/Oct/18) ($3164.56@1580 = ks 5000000 ) | E50: 856.84 | F50: =F49+D50-E50 -> 92952.232
A51: 26.Oct.2018 | B51: 5% Fine calculate (26.Oct.18 to 26.Jan.2019) | D51: =C45*5% -> 907.35 | F51: =F50+D51-E51 -> 93859.582
A52: 26.July.2018 | B52: After 12 months later - $ 14850 + $ 2473 = $ 17323 (Jul-2018) | C52: 17323 | F52: =F51+D52-E52 -> 93859.582
A53: 26.Jul.2018 | B53: 5% Fine calculate (26.Jul.18 to 26.Oct.2018) | D53: =C52*5% -> 866.15 | F53: =F52+D53-E53 -> 94725.732
A54: 43399 | B54: BCE-RV-18100104(22/Oct/18)~RV/STW/2018/10/598 (26/Oct/18) ($3164.56@1580 = ks 5000000 ) | E54: 866.15 | F54: =F53+D54-E54 -> 93859.582
A55: 26.Oct.2018 | B55: 5% Fine calculate (26.Oct.18 to 26.Jan.2019) | D55: =C52*5% -> 866.15 | F55: =F54+D55-E55 -> 94725.732
A56: 26.Oct.2018 | B56: After 15 months later - $ 14850 + $ 1648 = $ 16498 (Oct-2018) | C56: 16498 | F56: =F55+D56-E56 -> 94725.732
A57: 26.Oct.2018 | B57: 5% Fine calculate (26.Oct.18 to 26.Jan.2019) | D57: =C56*5% -> 824.9 | F57: =F56+D57-E57 -> 95550.632
A58: 26.Jan.2019 | B58: After 18 months later - $ 14850 + $ 824 = $ 15674 (Jan-2019) | C58: 15674.3 | F58: =F57+D58-E58 -> 95550.632
A59: 43451 | B59: Credit Memo (Sale Return) (17/Dec/18) | E59: 95550.63 | F59: =F58+D59-E59 -> 0.002
F60: =F59+D60-E60 -> 0.002
F61: =F60+D61-E61 -> 0.002
F62: =F61+D62-E62 -> 0.002
A63: Total | C63: =SUM(C19:C62)-C25-C26-C29-C30-C31-C34-C35 -> 116308.3 | D63: =SUM(D19:D61)-D49 -> 12411.552 | E63: =SUM(E19:E61) -> 128719.85 | F63: =+F62-D49 -> 0.002
A65: 43451 | B65: Chaw Su စက္ကို collector မွျပန္သိမ္းထားပါတယ္
A68: No | B68: Branch | C68: Customer | D68: Product | E68: Brand | F68: Model | G68: Serial No | H68: Date of Sale | I68: Warranty Term | J68: W/NW | K68: Repossess Date | L68: Repossess Hour Meter | M68: PIC | N68: PIC Ph No
A69: 2 | B69: Sittwe | C69: Chaw Su Construction | D69: Medium Excavator | E69: Sunward | F69: SE210LCE | G69: 00988 | H69: 42942 | I69: 1 year , unlimited hrs | J69: NW | K69: 43451 | L69: 4305.4 hrs | M69: Zin Ko Ko Htet
D73: =TODAY() -> 45307
D75: Summary | E75: USD
A76: Customer Statement | C76: စာခ်ဴပ္ပါအေရာင္းတန္ဘိုး | D76: Contacted Amt | E76: =+D88 -> 116308.3
A77: Customer | B77: CHAW SU CONSTRUCTION CO.,LTD (STW) | C77: ရက္လြန္ဒဏ္ေၾကး | D77: Fine to Date | E77: =+D128 -> 17671.142
A78: Contact Person | C78: စုစုေပါင္းရရန္ွရွိ | D78: Total AR | E78: =SUM(E76:E77) -> 133979.44
A79: Saleman | B79: Yae Wai Aung | C79: လက္ရွိေပးသြင္းျပီးေငြ | D79: Payment to Date | E79: =+E128 -> 29751.271
A80: No. Contract | B80: HS 515/2017 | C80: စုစုေပါင္းေပးရန္တာ၀န္ | D80: Total Payable | E80: =+E78-E79 -> 104228.17
A81: Interest Rate | C81: အျမန္ဆံုးေပးသြင္းရမည့္ေငြ | D81: Overdue | E81: =SUM(C103:C120) -> 68624.64
A82: AR Invoice No | B82: AR 30001260 | C82: ထပ္မံေပးရန္က်န္ရွိေငြ | D82: Future Due | E82: =SUM(C122:C123) -> 32172.3
A83: Sale Order No | B83: SO 30001060 | D83: Fine to Date | E83: =D128-(E94+E95+E98+E107+E109+E110+E116+E101+E112+E118) -> 3431.231
B85: SUNWARD MEDIUM EXCAVATOR SE210LCE
A86: Date | C86: Installment Plan | D86: Due | E86: Paid | F86: Bal:
B88: Machine Price - $99000 (Landed Price),(include tax) | D88: 116308.3 | F88: =D88-E88 -> 116308.3
A89: 26.July.2017 | B89: 10% upon on mc delivery time - $9900 (Jul-2017) | C89: 9900 | F89: =F88+D89-E89 -> 116308.3
A90: 13.Feb.2017 | B90: RV 30002516(13.Feb.17)3639@ 1374= ks 5000000 | E90: 3639 | F90: =F89+D90-E90 -> 112669.3
A91: 04.July.2017 | B91: RV 30003044(04.July.2017) $ 6261@1357= ks 8,496,000.00 | E91: 6261 | F91: =F90+D91-E91 -> 106408.3
A92: 26.Oct.2017 | B92: After 3 months later - $ 14850 + $ 4945 = $ 19795 (Oct-2017) | C92: 19795 | F92: =F91+D92-E92 -> 106408.3
A93: 26.Oct.2017 | B93: 5% Fine calculate (26.Oct.17 to 26.Mar.2018) | D93: =C92*5%*5 -> 4948.75 | F93: =F92+D93-E93 -> 111357.05
A94: 28.Feb.2018 | B94: BCE-RV-18020200~RV/STW/2018/02/144 $3756.57@1331=KS 5,000,000 | E94: 3756.57 | F94: =F93+D94-E94 -> 107600.48
A95: 10.Mar.2018 | B95: BCE-RV-18030025, RV/STW/2018/03/166 $3756.574 @1331=KS 5,000,000 | E95: 1192.18 | F95: =F94+D95-E95 -> 106408.3
A96: 10.Mar.2018 | B96: BCE-RV-18030025, BCE-RV-18030026~RV/STW/2018/03/166 $3756.574 @1331=KS 5,000,000 | E96: 667.29 | F96: =F95+D96-E96 -> 105741.01
A97: 43185 | B97: 5% Fine Calculate for 3 month later (26-Mar-2018 to 26-May-2018) $19127.71*5%*2 | D97: 1912.77 | F97: =F96+D97-E97 -> 107653.78
A98: 43234 | B98: BCE-RV-18050024~STW/RV/275 (14-5-2018) Total MMk 5,000,000/- @ 1344 Rate $ 3720/- (Fine Chgs; $ ) | E98: 1912.771 | F98: =F97+D98-E98 -> 105741.01
A99: 43256 | B99: BCE-RV-18070038, BCE-RV-18090003~RV 30004227 (17/July/18)~RV/STW/2018/06/323 $ 3706.45 @1349=TOTAL 5000000 | C99: =C92-(E96+E99) -> 16418.71 | E99: 2709 | F99: =F98+D99-E99 -> 103032.01
A100: 43246 | B100: 5% Fine Calculate for 3 month later (26-May-2018 to 26-July-2018) $ 16418.71*5% | D100: 820.94 | F100: =F99+D100-E100 -> 103852.95
A101: 43292 | B101: BCE-RV-18070039, RV 30004218 (11/July/18)~RV/STW/2018/07/394 (11/July/18) ($ 3571.43 @ 1400 = ks 5,000,000 ) | E101: 820.94 | F101: =F100+D101-E101 -> 103032.01
A102: 43292 | B102: BCE-RV-18070039, BCE-RV-18070040~RV 30004220 (11/July/18)~RV/STW/2018/07/394 (11/July/18) ($ 3571.43 @ 1400 = ks 5,000,000 ) | C102: =C92-(E96+E99+E102) -> 15524.12 | E102: 894.59 | F102: =F101+D102-E102 -> 102137.42
A103: 43333 | B103: BCE-RV-18080056, BCE-RV-18080057~RV/STW/2018/08/484 (21/Aug/18) ( $ 1340.48 @ 1492 = 2,000,000 ) | C103: =C102-E103 -> 14183.64 | E103: 1340.48 | F103: =F102+D103-E103 -> 100796.94
A104: 43307 | B104: 5% Fine Calculate for 3 month later (26-July-2018 to 26-Oct-2018) | D104: =C103*5% -> 709.182 | F104: =F103+D104-E104 -> 101506.12
A105: 26.Jan.2018 | B105: After 6 months later - $ 14850 + $ 4121 = $ 18971 (Jan-2018) | C105: 18971 | F105: =F104+D105-E105 -> 101506.12
A106: 26.Jan.2018 | B106: 5% Fine calculate (26.Jan.17 to 26.Mar.2018) | D106: =C105*5%*2 -> 1897.1 | F106: =F105+D106-E106 -> 103403.22
A107: 10.Mar.2018 | B107: BCE-RV-18030025, RV/STW/2018/03/166 $3756.574 @1331=KS 5,000,000 | E107: 1897.1 | F107: =F106+D107-E107 -> 101506.12
A108: 43175 | B108: 5% Fine Calculate for 6 month after (26-Mar-2018 to 26-May-2018) | D108: =C105*5%*2 -> 1897.1 | F108: =F107+D108-E108 -> 103403.22
A109: 43234 | B109: BCE-RV-18050024~STW/RV/275 (14-5-2018) Total MMk 5,000,000/- @ 1344 Rate $ 3720/- (Fine Chgs; $ ) | E109: 1807 | F109: =F108+D109-E109 -> 101596.22
A110: 43256 | B110: BCE-RV-18070038, RV/30004226 (17/July/18)~RV/STW/2018/06/323 $ 3706.45 @1349=TOTAL 5000000 | E110: 90.1 | F110: =F109+D110-E110 -> 101506.12
A111: 43246 | B111: 5% Fine Calculate for 3 month later (26-May-2018 to 26-July-2018) | D111: =C105*5% -> 948.55 | F111: =F110+D111-E111 -> 102454.67
A112: 43292 | B112: BCE-RV-18070039, RV 30004218 (11/July/18)~RV/STW/2018/07/394 (11/July/18) ($ 3571.43 @ 1400 = ks 5,000,000 ) | E112: 948.55 | F112: =F111+D112-E112 -> 101506.12
A113: 43307 | B113: 5% Fine Calculate for 3 month later (26-July-2018 to 26-Oct-2018) | D113: =C105*5% -> 948.55 | F113: =F112+D113-E113 -> 102454.67
A114: 26.Apr.2018 | B114: After 9 months later - $ 14850 + $ 3297 = $ 18147 (Apr-2018) | C114: 18147 | F114: =F113+D114-E114 -> 102454.67
...

Sheet U Zaw Min
D4: =TODAY() -> 45307
D6: Summary | E6: USD
A7: Customer Statement | C7: စာခ်ဴပ္ပါအေရာင္းတန္ဘိုး | D7: Contracted Amt | E7: =D19 -> 50000.5
A8: Customer | B8: ZAW MIN,U | C8: ရက္လြန္ဒဏ္ေၾကး | D8: Fine to Date | E8: =+D38 -> 0
A9: Contact Person | C9: စုစုေပါင္းရရန္ွရွိ | D9: Total AR | E9: =SUM(E7:E8) -> 50000.5
A10: Saleman | B10: Aung Than Htay | C10: လက္ရွိေပးသြင္းျပီးေငြ | D10: Payment to Date | E10: =+E38 -> 50000.5
A11: No. Contract | B11: HS - 162/2020 | C11: စုစုေပါင္းေပးရန္တာ၀န္ | D11: Total Payable | E11: =+E9-E10 -> 0
A12: Interest Rate | B12: No interest / Without colleteral | C12: အျမန္ဆံုးေပးသြင္းရမည့္ေငြ | D12: Overdue
A13: AR Invoice No | B13: BCE-UNT-SI-20020003 | C13: ထပ္မံေပးရန္က်န္ရွိေငြ | D13: Future Due
A14: SO Invoice No | B14: STW-BSO-UNT-2020-02-0001 | D14: Fine to Date
B16: Matador Self Propelled Concrete Mixer MSPM3.5R / SN ; 190 830414
A17: Date | B17: Particular | C17: Installment Plan | D17: Due | E17: Paid | F17: Bal:
A19: 43867 | B19: Machine Price- 55,000 USD, Dis - 5,000 USD - Principal ($47,619.52) - HP ($2,380.98 ) | D19: 50000.5 | F19: =D19-E19 -> 50000.5
B20: Upon on machine delivery time down payment 50% - $ 25,000 (06-Feb-2020 ) | C20: 25000 | F20: =F19+D20-E20 -> 50000.5
A21: 43858 | B21: BCE-RV-20010067, BCE-RV-20010068~HQT-RV-2020-01-0403 (29-Jan-2020)~RV - 14963 ($25000@1468 = KS 36,700,000) | E21: 25000 | F21: =F20+D21-E21 -> 25000.5
A22: 43896 | B22: 1 month after delivery - $ 4,167 ( 06-Mar-2020 ) | C22: 4167 | F22: =F21+D22-E22 -> 25000.5
A23: 43900 | B23: BCE-RV-20030017, BCE-RV-20030018(10-Mar-2020)~RV/STW/2020/03/32027 (10-Mar-2020) ($4167 rate 1371 = KS 5,713,000) | C23: =C22-E23 -> 0 | E23: 4167 | F23: =F22+D23-E23 -> 20833.5
A24: 43927 | B24: 2 month after delivery - $ 4,167 ( 06-Apr-2020 ) | C24: 4167 | F24: =F23+D24-E24 -> 20833.5
A25: 43929 | B25: BCE-RV-20040017, BCE-RV-20040018(8-Apr-2020)~RV/STW/2020/04/32090 (8-Apr-2020) ($4167 @1410 = KS 5,875,400) | E25: 4167 | F25: =F24+D25-E25 -> 16666.5
A26: 43957 | B26: 3 month after delivery - $ 4,167 ( 06-May-2020 ) | C26: 4167 | F26: =F25+D26-E26 -> 16666.5
A27: 43963 | B27: BCE-RV-20050012, BCE-RV-20050013(12-May-2020)~RV/STW/2020/05/47032 (12-May-2020) $4167@1405 = KS 5,854,600 | C27: =C26-E27 -> 0 | E27: 4167 | F27: =F26+D27-E27 -> 12499.5
A28: 43988 | B28: 4 month after delivery - $ 4,167 ( 06-Jun-2020 ) | C28: 4167 | F28: =F27+D28-E28 -> 12499.5
A29: 43991 | B29: BCE-RV-20060013, BCE-RV-20060014(10-Jun-2020)~RV/STW/2020/06/28141 (9-Jun-2020) $4167 @1407 = KS 5,863,000 | E29: 4167 | F29: =F28+D29-E29 -> 8332.5
A30: 44018 | B30: 5 month after delivery - $ 4,167 ( 06-Jul-2020 ) | C30: 4167 | F30: =F29+D30-E30 -> 8332.5
A31: 44029 | B31: BCE-RV-20070047, BCE-RV-20070048(17-Jul-2020)~RV/STW/2020/07/47046 (17-Jul-2020) ($4167 @1381 = KS 5,755,000) | C31: =C30-E31 -> 0 | E31: 4167 | F31: =F30+D31-E31 -> 4165.5
A32: 44049 | B32: 6 month after delivery - $ 4,165 ( 06-Aug-2020 ) | C32: 4165.5 | F32: =F31+D32-E32 -> 4165.5
A33: 44060 | B33: BCE-RV-20080028, BCE-RV-20080029(18-Aug-2020)~RV/STW/2020/08/47050 (17-Aug-2020) ($4165.50 rate 1375 = Ks 5,726,800/ Dis ks 762.5) | E33: 4165.5 | F33: =F32+D33-E33 -> 0
F34: =F33+D34-E34 -> 0
F35: =F34+D35-E35 -> 0
F36: =F35+D36-E36 -> 0
F37: =F36+D37-E37 -> 0
A38: Total | C38: =SUM(C20:C37) -> 50000.5 | D38: =SUM(D20:D37) -> 0 | E38: =SUM(E20:E37) -> 50000.5 | F38: =+F37 -> 0
D41: =C36*5% -> 0

Sheet Kyaw Min Tun (2)
D4: =TODAY() -> 45307
D6: Summary | E6: USD
A7: Customer Statement | C7: စာခ်ဴပ္ပါအေရာင္းတန္ဘိုး | D7: Contracted Amt | E7: =D19 -> 37190
A8: Customer | B8: KYAW MIN TUN, U (STW) | C8: ရက္လြန္ဒဏ္ေၾကး | D8: Fine to Date | E8: =+D32 -> 0
A9: Contact Person | B9: Kyaw Min Tun | C9: စုစုေပါင္းရရန္ွရွိ | D9: Total AR | E9: =SUM(E7:E8) -> 37190
A10: Saleman | B10: Aung Than Htay | C10: လက္ရွိေပးသြင္းျပီးေငြ | D10: Payment to Date | E10: =+E32 -> 0
A11: No. Contract | B11: HS-282/2017 | C11: စုစုေပါင္းေပးရန္တာ၀န္ | D11: Total Payable | E11: =+E9-E10 -> 37190
A12: Interest Rate | C12: အျမန္ဆံုးေပးသြင္းရမည့္ေငြ | D12: Overdue | E12: =SUM(C20:C22) -> 13500
A13: AR Invoice No | B13: AR 30001086 | C13: ထပ္မံေပးရန္က်န္ရွိေငြ | D13: Future Due | E13: =SUM(C23:C27) -> 23690
A14: SO Invoice No | B14: SO 30001116 | D14: Fine to Date
B16: SUNWARD MINI EXCAVATOR SWE60E 1 unit /SN:SWE60E01250
A17: Date | B17: Particular | C17: Installment Plan | D17: Due | E17: Paid | F17: Bal:
A19: 43794 | B19: Aggrement Contract (Principle $24190 + Fine $13000) | D19: 37190 | F19: =D19-E19 -> 37190
A20: 43860 | B20: 1 month after delivery ( $ 4500 ) | C20: 4500 | F20: =F19+D20-E20 -> 37190
A21: 43889 | B21: 2 month after delivery ( $ 4500 ) | C21: 4500 | F21: =F20+D21-E21 -> 37190
A22: 43920 | B22: 3 month after delivery ( $ 4500 ) | C22: 4500 | F22: =F21+D22-E22 -> 37190
A23: 43951 | B23: 4 month after delivery ( $ 4500 ) | C23: 4500 | F23: =F22+D23-E23 -> 37190
A24: 43981 | B24: 5 month after delivery ( $ 4500 ) | C24: 4500 | F24: =F23+D24-E24 -> 37190
A25: 44012 | B25: 6 month after delivery ( $ 4500 ) | C25: 4500 | F25: =F24+D25-E25 -> 37190
A26: 44043 | B26: 7 month after delivery ( $ 4500 ) | C26: 4500 | F26: =F25+D26-E26 -> 37190
A27: 44073 | B27: 8 month after delivery ( $ 5690 ) | C27: 5690 | F27: =F26+D27-E27 -> 37190
F28: =F27+D28-E28 -> 37190
F29: =F28+D29-E29 -> 37190
F30: =F29+D30-E30 -> 37190
F31: =F30+D31-E31 -> 37190
A32: Total | C32: =SUM(C20:C31) -> 37190 | D32: =SUM(D20:D31) -> 0 | E32: =SUM(E20:E31) -> 0 | F32: =+F31 -> 37190
E34: =D19-E45 -> 1842.5
D37: =TODAY() -> 45307
D39: Summary | E39: USD
A40: Customer Statement | C40: စာခ်ဴပ္ပါအေရာင္းတန္ဘိုး | D40: Contacted Amt | E40: =+D52 -> 59629.5
A41: Customer | B41: KYAW MIN TUN, U (STW) | C41: ရက္လြန္ဒဏ္ေၾကး | D41: Fine to Date | E41: =+D119 -> 33134.45
A42: Contact Person | B42: Kyaw Min Tun | C42: စုစုေပါင္းရရန္ွရွိ | D42: Total AR | E42: =SUM(E40:E41) -> 92763.95
A43: Saleman | B43: Aung Than Htay | C43: လက္ရွိေပးသြင္းျပီးေငြ | D43: Payment to Date | E43: =+E119 -> 35439.36
A44: No. Contract | C44: စုစုေပါင္းေပးရန္တာ၀န္ | D44: Total Payable | E44: =+E42-E43 -> 57324.59
A45: Interest Rate | C45: အျမန္ဆံုးေပးသြင္းရမည့္ေငြ | D45: Overdue | E45: =SUM(C61:C112) -> 35347.5
A46: AR Invoice No | B46: AR 30001086 | C46: ထပ္မံေပးရန္က်န္ရွိေငြ | D46: Future Due | E46: =SUM(C113) -> 0
A47: Sale Order No | B47: SO 30001116 | D47: Fine to Date | E47: =D119-(E59+E63+E65+E71+E73+E79+E81+E85+E87+E91+E92+E94+E98+E102+E106+E110+E67+E75) -> 21977.09
B49: SUNWARD MINI EXCAVATOR SWE60E 1 unit /SN:SWE60E01250
A50: Date | C50: Installment Plan | D50: Due | E50: Paid | F50: Bal:
B52: Machine Price $55,000 (Landed Price ) | D52: 59629.5 | F52: =D52-E52 -> 59629.5
A53: 07.Apr.2017 | B53: 30% upon on mc delivery time - $ 16,500 (Apr-2017) | C53: 16500 | F53: =F52+D53-E53 -> 59629.5
A54: 10.Apr.2017 | B54: RV 30002698(10.Apr.2017) $ 16500 @ 1366= ks 22,539,000.00 | E54: 16500 | F54: =F53+D54-E54 -> 43129.5
A55: 07.May.2017 | B55: After 1 month later $ 3208 + $ 712 = $ 3921 (May-2017) | C55: 3921 | F55: =F54+D55-E55 -> 43129.5
A56: 19.May.2017 | B56: RV 30002863, $ 3921@1366= ks 5,356,000 | E56: 3921 | F56: =F55+D56-E56 -> 39208.5
A57: 07.Jun.2017 | B57: After 2 months later $ 3208 + $ 653 = $ 3861 (Jun-2017) | C57: 3861 | F57: =F56+D57-E57 -> 39208.5
A58: 07.Jun.2017 | B58: 5% Fine calculate (07.Jun.17 to 07.Jul.2017)$ 3861/5%*1 | D58: 193 | F58: =F57+D58-E58 -> 39401.5
A59: 28.Jun.2017 | B59: STW/2017/06/894, $ 193 (Fine) | E59: 193 | F59: =F58+D59-E59 -> 39208.5
A60: 28.Jun.2017 | B60: STW/2017/06/894, $ 3861 | E60: 3861 | F60: =F59+D60-E60 -> 35347.5
A61: 07.July.2017 | B61: After 3 months later $ 3208 + $ 594 = $ 3802 (July-2017) | C61: 3802 | F61: =F60+D61-E61 -> 35347.5
A62: 07.July.2017 | B62: 5% Fine calculate (07.July.17 to 7.Feb.2018) | D62: =C61*5%*7 -> 1330.7 | F62: =F61+D62-E62 -> 36678.2 | G62: Customer 28 (Or) 30'Sep'2017 Paid
A63: 43150 | B63: BCE-RV-18020061~RV 30003917~RV/STW/2018/02/124 (19-2-2018) Total MMK 6,000,000/-@ 1327 Rate $ 4521/- (Fine Chgs;) | E63: 1330.7 | F63: =F62+D63-E63 -> 35347.5
A64: 07.Feb.2018 | B64: 5% Fine calculate (07.Feb.18 to 7.May.2018) | D64: =C61*5%*3 -> 570.3 | F64: =F63+D64-E64 -> 35917.8
A65: 43238 | B65: BCE-RV-18050014 ~STW/RV/2018/05/294(18-5-2018) Total MMk 7,000,000/-@ 1348 Rate $ 5193 /- (Fine Chgs;) | E65: 570.3 | F65: =F64+D65-E65 -> 35347.5
A66: 07.May.2018 | B66: 5% Fine calculate (07.May.18 to 7.Oct.2018) | D66: =C61*5%*5 -> 950.5 | F66: =F65+D66-E66 -> 36298
A67: 43377 | B67: BCE-RV-18100018(4/Oct/18)~RV/STW/2018/10/563 (4/Oct/18) ( $ 1250 @ 1520 = ks 1,900,000 ) | E67: 950.5 | F67: =F66+D67-E67 -> 35347.5
A68: 07.Oct.2018 | B68: 5% Fine calculate (07.Oct.18 to 7.June.2019) | D68: =C61*5%*8 -> 1520.8 | F68: =F67+D68-E68 -> 36868.3
A69: 07.Aug.2017 | B69: After 4 months later $ 3208 + $ 534 = $ 3743 (Aug-2017) | C69: 3743 | F69: =F68+D69-E69 -> 36868.3 | G69: BOH
A70: 07.Aug.2017 | B70: 5% Fine calculate (07.Aug.17 to 7.Feb.2018) | D70: =C69*5%*6 -> 1122.9 | F70: =F69+D70-E70 -> 37991.2 | G70: udkkaevif;xGef;rSwfyHkwifaysmufaerxkwf&ao; 17 &uf10vydkif;2017 xkwfrnfajym
A71: 43150 | B71: BCE-RV-18020061~RV 30003917~RV/STW/2018/02/124 (19-2-2018) Total MMK 6,000,000/-@ 1327 Rate $ 4521/- (Fine Chgs;) | E71: 1122.9 | F71: =F70+D71-E71 -> 36868.3
A72: 07.Feb.2018 | B72: 5% Fine calculate (07.Feb.18 to 7.May.2018) | D72: =C69*5%*3 -> 561.45 | F72: =F71+D72-E72 -> 37429.75
A73: 43238 | B73: BCE-RV-18050014 ~STW/RV/2018/05/294(18-5-2018) Total MMk 7,000,000/-@ 1348 Rate $ 5193 /- (Fine Chgs;) | E73: 561.45 | F73: =F72+D73-E73 -> 36868.3
A74: 07.May.2018 | B74: 5% Fine calculate (07.May.18 to 7.Oct.2018) | D74: =C69*5%*5 -> 935.75 | F74: =F73+D74-E74 -> 37804.05
A75: 43377 | B75: BCE-RV-18100018(4/Oct/18)~RV/STW/2018/10/563 (4/Oct/18) ( $ 1250 @ 1520 = ks 1,900,000 ) | D75: =D74-E75 -> 636.25 | E75: 299.5 | F75: =F74+D75-E75 -> 38140.8
A76: 07.Oct.2018 | B76: 5% Fine calculate (07.Oct.18 to 7..June.2019) | D76: =C69*5%*8 -> 1497.2 | F76: =F75+D76-E76 -> 39638
A77: 07.Sep.2017 | B77: After 5 months later $ 3208 + $ 475 = $ 3683 (Sep-2017) | C77: 3683 | F77: =F76+D77-E77 -> 39638
A78: 07.Sep.2017 | B78: 5% Fine calculate (07.Sep.17 to 7.Feb.2018) | D78: =C77*5%*5 -> 920.75 | F78: =F77+D78-E78 -> 40558.75
A79: 43150 | B79: BCE-RV-18020061~RV 30003917~RV/STW/2018/02/124 (19-2-2018) Total MMK 6,000,000/-@ 1327 Rate $ 4521/- (Fine Chgs;) | E79: 920.75 | F79: =F78+D79-E79 -> 39638
A80: 07.Feb.2018 | B80: 5% Fine calculate (07.Feb.18 to 7.May.2018) | D80: =C77*5%*3 -> 552.45 | F80: =F79+D80-E80 -> 40190.45
A81: 43238 | B81: BCE-RV-18050014 ~STW/RV/2018/05/294(18-5-2018) Total MMk 7,000,000/-@ 1348 Rate $ 5193 /- (Fine Chgs;) | E81: 552.45 | F81: =F80+D81-E81 -> 39638
A82: 07.May.2018 | B82: 5% Fine calculate (07.May.18 to 7.June.2019) | D82: =C77*5%*13 -> 2393.95 | F82: =F81+D82-E82 -> 42031.95
A83: 07.Oct.2017 | B83: After 6 months later $ 3208 + $ 415 = $ 3624 (Oct-2017) | C83: 3624 | F83: =F82+D83-E83 -> 42031.95
A84: 07.Oct.2017 | B84: 5% Fine calculate (07.Oct .17 to 7.Feb.2018) | D84: =C83*5%*4 -> 724.8 | F84: =F83+D84-E84 -> 42756.75
A85: 43150 | B85: BCE-RV-18020061~RV 30003917~RV/STW/2018/02/124 (19-2-2018) Total MMK 6,000,000/-@ 1327 Rate $ 4521/- (Fine Chgs;) | E85: 724.8 | F85: =F84+D85-E85 -> 42031.95
A86: 07.Feb.2018 | B86: 5% Fine calculate (07.Feb.18 to 7.May.2018) | D86: =C83*5%*3 -> 543.6 | F86: =F85+D86-E86 -> 42575.55
A87: 43238 | B87: BCE-RV-18050014 ~STW/RV/2018/05/294(18-5-2018) Total MMk 7,000,000/-@ 1348 Rate $ 5193 /- (Fine Chgs;) | E87: 543.6 | F87: =F86+D87-E87 -> 42031.95
A88: 07.May.2018 | B88: 5% Fine calculate (07.May.18 to 7.June.2019) | D88: =C83*5%*13 -> 2355.6 | F88: =F87+D88-E88 -> 44387.55
A89: 07.Nov.2017 | B89: After 7 months later $ 3208 + $ 356 = $ 3564 (Nov-2017) | C89: 3564 | F89: =F88+D89-E89 -> 44387.55
A90: 07.Nov.2017 | B90: 5% Fine calculate (07.Nov .17 to 7.Feb.2018) | D90: =C89*5%*3 -> 534.6 | F90: =F89+D90-E90 -> 44922.15 | G90: =7000000/1348 -> 5192.8783
A91: 43150 | B91: BCE-RV-18020061~RV 30003917~RV/STW/2018/02/124 (19-2-2018) Total MMK 6,000,000/-@ 1327 Rate $ 4521/- (Fine Chgs;) | E91: 422.33 | F91: =F90+D91-E91 -> 44499.82
A92: 43238 | B92: BCE-RV-18050014 ~STW/RV/2018/05/294(18-5-2018) Total MMk 7,000,000/-@ 1348 Rate $ 5193 /- (Fine Chgs;) | E92: 112.27 | F92: =F91+D92-E92 -> 44387.55
A93: 07.Feb.2018 | B93: 5% Fine calculate (07.Feb.18 to 7.May.2018) | D93: =C89*5%*3 -> 534.6 | F93: =F92+D93-E93 -> 44922.15
A94: 43238 | B94: BCE-RV-18050014 ~STW/RV/2018/05/294(18-5-2018) Total MMk 7,000,000/-@ 1348 Rate $ 5193 /- (Fine Chgs;) | E94: 534.6 | F94: =F93+D94-E94 -> 44387.55
A95: 07.May.2018 | B95: 5% Fine calculate (07.May.18 to 7.June.2019) | D95: =C89*5%*13 -> 2316.6 | F95: =F94+D95-E95 -> 46704.15
A96: 07.Dec.2017 | B96: After 8 months later $ 3208 + $ 297 = $ 3505 (Dec-2017) | C96: 3505 | F96: =F95+D96-E96 -> 46704.15 | G96: 5058.55
A97: 07.Dec.2017 | B97: 5% Fine calculate (07.Dec .17 to 7.May.2018) | D97: =C96*5%*5 -> 876.25 | F97: =F96+D97-E97 -> 47580.4 | G97: =G90-G96 -> 134.32834
A98: 43238 | B98: BCE-RV-18050014 ~STW/RV/2018/05/294(18-5-2018) Total MMk 7,000,000/-@ 1348 Rate $ 5193 /- (Fine Chgs;) | E98: 876.25 | F98: =F97+D98-E98 -> 46704.15
A99: 07.May.2018 | B99: 5% Fine calculate (07.May.18 to 7.June.2019) | D99: =C96*5%*13 -> 2278.25 | F99: =F98+D99-E99 -> 48982.4
A100: 07.Jan.2018 | B100: After 9 months later $ 3208 + $ 237 = $ 3446 (Jan-2018) | C100: 3446 | F100: =F99+D100-E100 -> 48982.4
A101: 07.Jan.2018 | B101: 5% Fine calculate (07.Jan .18 to 7.May.2018) | D101: =C100*5%*4 -> 689.2 | F101: =F100+D101-E101 -> 49671.6
A102: 43238 | B102: BCE-RV-18050014 ~STW/RV/2018/05/294(18-5-2018) Total MMk 7,000,000/-@ 1348 Rate $ 5193 /- (Fine Chgs;) | E102: 689.2 | F102: =F101+D102-E102 -> 48982.4
A103: 07.May.2018 | B103: 5% Fine calculate (07.May.18 to 7.June.2019) | D103: =C100*5%*13 -> 2239.9 | F103: =F102+D103-E103 -> 51222.3
A104: 07.Feb.2018 | B104: After 10 months later $ 3208 + $ 178 = $ 3386 (Feb-2018) | C104: 3386 | F104: =F103+D104-E104 -> 51222.3
A105: 07.Feb.2018 | B105: 5% Fine calculate (07.Feb .18 to 7.May.2018) | D105: =C104*5%*3 -> 507.9 | F105: =F104+D105-E105 -> 51730.2
A106: 43238 | B106: BCE-RV-18050014 ~STW/RV/2018/05/294(18-5-2018) Total MMk 7,000,000/-@ 1348 Rate $ 5193 /- (Fine Chgs;) | E106: 507.9 | F106: =F105+D106-E106 -> 51222.3
A107: 07.May.2018 | B107: 5% Fine calculate (07.May.18 to 7.June.2019) | D107: =C104*5%*13 -> 2200.9 | F107: =F106+D107-E107 -> 53423.2
A108: 07.Mar.2018 | B108: After 11 months later $ 3208 + $ 119 = $ 3327 (Mar-2018) | C108: 3327 | F108: =F107+D108-E108 -> 53423.2
A109: 43166 | B109: 5% Fine Calculate for after 11 month later (7-Mar-2018 to 7-May-2018) | D109: 244.86 | F109: =F108+D109-E109 -> 53668.06
A110: 43238 | B110: BCE-RV-18050014 ~STW/RV/2018/05/294(18-5-2018) Total MMk 7,000,000/-@ 1348 Rate $ 5193 /- (Fine Chgs;) | D110: 87.84 | E110: 244.86 | F110: =F109+D110-E110 -> 53511.04
A111: 07.May.2018 | B111: 5% Fine calculate (07.May.18 to 7.June.2019) | D111: =C108*5%*13 -> 2162.55 | F111: =F110+D111-E111 -> 55673.59
A112: 07.Apr.2018 | B112: After 12 months later $ 3208 + $ 59 = $ 3268 (April-2018) | C112: 3267.5 | F112: =F111+D112-E112 -> 55673.59
...
